 Dungeon Crawl Stone Soup version 0.23.2-40-g277498a001 (webtiles) character file.

Game seed: 1861209843381024562

130 MisterOstroum the Digger (level 5, 0/30 HPs)
             Began as a Gargoyle Earth Elementalist on Sept 13, 2019.
             Slain by a gnoll
             ... wielding a +1 flail of protection
              (4 damage)
             ... on level 3 of the Dungeon.
             The game lasted 00:05:22 (2570 turns).

MisterOstroum the Digger (GrEE)                     Turns: 2570, Time: 00:05:23

Health: 0/30       AC:  7    Str: 12    XL:     5   Next: 13%
Magic:  0/8        EV: 12    Int: 16    God:
Gold:   58         SH:  0    Dex: 10    Spells: 4/8 levels left

rFire    . . .     SeeInvis .   o - +3 spear (pierce)
rCold    . . .     Gourm    .   (no shield)
rNeg     + . .     Faith    .   c - +0 robe
rPois    ∞         Spirit   .   i - +0 helmet
rElec    +         Reflect  .   (no cloak)
rCorr    .         Harm     .   (no gloves)
MR       .....                  (no boots)
Stlth    ++........             (no amulet)
HPRegen  0.10/turn              (no ring)
MPRegen  0.11/turn              (no ring)

@: hasted, very quick
A: negative energy resistance 1, electricity resistance, unbreathing,
petrification resistance, rot immunity, AC +4
a: no special abilities


You were on level 3 of the Dungeon.
You were hungry.

You visited 1 branch of the dungeon, and saw 3 of its levels.

You collected 58 gold pieces.

Inventory:

Hand Weapons
 d - a +4 dagger
 o - a +3 spear of piercing (weapon)
Missiles
 b - 2 stones (quivered)
Armour
 c - a +0 robe (worn)
 i - a +0 helmet (worn)
Scrolls
 g - 2 scrolls of identify {unknown}
 h - 2 scrolls of remove curse {unknown}
 k - 2 scrolls of teleportation {unknown}
 m - a scroll of magic mapping {unknown}
 n - a scroll of noise {unknown}
Potions
 a - a potion of haste {@q4 !q}
 j - a potion of brilliance {unknown}
 l - a potion of lignification {unknown}
Comestibles
 e - 3 rations
 f - 5 chunks of flesh


   Skills:
 - Level 1.8 Fighting
 + Level 0.5 Polearms
 - Level 1.5 Dodging
 - Level 3.8 Stealth
 - Level 2.1 Spellcasting
 - Level 1.1 Conjurations
   Level 0.7 Transmutations
 - Level 5.0 Earth Magic


You had 4 spell levels left.
You knew the following spells:

 Your Spells              Type           Power        Failure   Level  Hunger
a - Sandblast             Erth           ###...       2%          1    #......
b - Stone Arrow           Conj/Erth      ##....       17%         3    ###....

Your spell library contained the following spells:

 Spells                   Type           Power        Failure   Level  Hunger
 Passwall                 Tmut/Erth      ##......     10%         2    ###....
 Petrify                  Tmut/Erth      ##......     54%         4    #####..
 Lee's Rapid Deconstruct  Erth           ###.......   58%         5    ######.


Dungeon Overview and Level Annotations

Branches:
Dungeon (3/15)

Altars:


Innate Abilities, Weirdness & Mutations

You are resistant to torment.
Your stone body is resilient. (AC +4)
You are immune to poison.
You resist negative energy. (rN+)
You are resistant to electric shocks. (rElec)
You can survive without breathing.
You are immune to petrification.
You are immune to rotting.


Message History

Wield which item (- for none, * to show all)? (? for menu, Esc to quit)
o - a +3 spear of piercing (weapon)
You start resting.
Your magical contamination has completely faded away.
Unknown command.
You start resting.
Some of the chunks of flesh in your inventory have rotted away.
HP restored.
Magic restored.
You climb downwards.
There is a stone staircase leading up here.
You see here a +0 flail.
The gnoll shouts! x2
You hit the gnoll.
The gnoll is moderately wounded.
The gnoll hits you with a +0 spear.
You puncture the gnoll!
The gnoll is severely wounded.
The gnoll hits you but does no damage.
The gnoll hits you with a +1 flail of protection.
Casting: Sandblast (safe; 2% risk of failure)
Confirm with . or Enter, or press ? or * to list all spells.
Aiming: Stone Arrow (safe; 17% risk of failure)
Press: ? - help, Shift-Dir - straight line, f - gnoll
Aim: a gnoll, wielding a +0 spear (severely wounded)
The stone arrow misses the gnoll.
The gnoll hits you but does no damage. The gnoll completely misses you.
Casting: Stone Arrow (safe; 17% risk of failure)
Confirm with . or Enter, or press ? or * to list all spells.
Aiming: Sandblast (safe; 2% risk of failure)
Press: ? - help, Shift-Dir - straight line, f/p - gnoll
Aim: a gnoll, wielding a +0 spear (severely wounded)
The blast of sand misses the gnoll.
b - 7 stones The gnoll barely misses you.
The gnoll hits you but does no damage.
Casting: Sandblast (safe; 2% risk of failure)
Confirm with . or Enter, or press ? or * to list all spells.
Aiming: Sandblast (safe; 2% risk of failure)
Press: ? - help, Shift-Dir - straight line, f/p - gnoll
Aim: a gnoll, wielding a +0 spear (severely wounded)
The blast of sand hits the gnoll.
The gnoll is almost dead.
b - 6 stones The gnoll hits you with a +0 spear!
Casting: Sandblast (safe; 2% risk of failure)
Confirm with . or Enter, or press ? or * to list all spells.
Aiming: Sandblast (safe; 2% risk of failure)
Press: ? - help, Shift-Dir - straight line, f/p - gnoll
Aim: a gnoll, wielding a +0 spear (almost dead)
The blast of sand hits the gnoll!
You kill the gnoll!
b - 5 stones The gnoll hits you with a +1 flail of protection.
Casting: Sandblast (safe; 2% risk of failure)
Confirm with . or Enter, or press ? or * to list all spells.
Aiming: Sandblast (safe; 2% risk of failure)
Press: ? - help, Shift-Dir - straight line, f - gnoll
Aim: a gnoll, wielding a +1 flail of protection The blast of sand hits the gnoll but does no damage.
b - 4 stones The gnoll barely misses you.
Casting: Sandblast (safe; 2% risk of failure)
Confirm with . or Enter, or press ? or * to list all spells.
Aiming: Sandblast (safe; 2% risk of failure)
Press: ? - help, Shift-Dir - straight line, f/p - gnoll
Aim: a gnoll, wielding a +1 flail of protection The blast of sand hits the gnoll but does no damage.
b - 3 stones The gnoll hits you with a +1 flail of protection.
* * * LOW HITPOINT WARNING * * *
You hit the gnoll.
The gnoll is severely wounded.
The gnoll barely misses you.
You hit the gnoll but do no damage.
The gnoll is severely wounded.
The gnoll hits you with a +1 flail of protection.
* * * LOW HITPOINT WARNING * * *
You are feeling hungry.
Attack whom?
Press: ? - help, Dir - move target cursor, f/p - gnoll
Aim: a gnoll, wielding a +1 flail of protection (severely wounded)
Okay, then.
Attack whom?
Press: ? - help, Dir - move target cursor, f/p - gnoll
Aim: a gnoll, wielding a +1 flail of protection (severely wounded)
You reach to attack!
You closely miss the gnoll.
The gnoll is severely wounded.
Casting: Sandblast (safe; 2% risk of failure)
Confirm with . or Enter, or press ? or * to list all spells.
Aiming: Sandblast (safe; 2% risk of failure)
Press: ? - help, Shift-Dir - straight line, f/p - gnoll
Aim: a gnoll, wielding a +1 flail of protection (severely wounded)
The blast of sand hits the gnoll but does no damage.
The gnoll is severely wounded.
b - 2 stones The gnoll hits you with a +1 flail of protection.
* * * LOW HITPOINT WARNING * * *
It was a potion of haste.
You feel yourself speed up.
The gnoll hits you with a +1 flail of protection.
You die...

#######
#..@..#
#..g..#
####.....#
#........#
...##..<).#
.# #.....#
#....##
#...$%#
#.....).#


You could see a gnoll.

Vanquished Creatures
  4 adders (D:2)
  3 gnolls
  4 worms (D:2)
  2 leopard geckos
  8 bats
  3 giant cockroaches
  3 goblins (D:1)
  6 hobgoblins (D:1)
  6 jackals
  5 kobolds (D:1)
  A quokka (D:2)
  2 ball pythons
  4 frilled lizards
  3 rats
54 creatures vanquished.

Notes
Turn   | Place    | Note
-------+----------+-------------------------------------------
     0 | D:1      | MisterOstroum the Gargoyle Earth Elementalist began the
                  | quest for the Orb.
     0 | D:1      | Reached XP level 1. HP: 10/10 MP: 3/3
    97 | D:1      | Reached skill level 4 in Earth Magic
   177 | D:1      | Reached XP level 2. HP: 16/16 MP: 1/5
   395 | D:1      | Reached skill level 1 in Fighting
   830 | D:1      | Reached XP level 3. HP: 20/20 MP: 4/6
  1291 | D:2      | Learned a level 3 spell: Stone Arrow
  1433 | D:2      | Reached XP level 4. HP: 18/25 MP: 7/7
  1705 | D:2      | Reached skill level 5 in Earth Magic
  2471 | D:3      | Reached skill level 1 in Conjurations
  2479 | D:2      | Reached XP level 5. HP: 23/30 MP: 0/8
  2570 | D:3      | Slain by a gnoll

Skill      XL: |  1  2  3  4 |
---------------+-------------+-----
Earth Magic    | 4 5 |  5.0
Fighting       | 1 |  1.8
Stealth        | 3 |  3.8
Conjurations   | 1 |  1.1
Polearms       | |  0.5
Dodging        | |  1.5
Spellcasting   | |  2.1
Transmutations | |  0.7

Action                   |  1- 3 |  4- 6 || total
-------------------------+-------+-------++-------
Melee: Dagger            |    42 |    35 ||    77
       Spear             |       |     5 ||     5
Throw: Stone             |     3 |       ||     3
 Cast: Sandblast         |    37 |    17 ||    54
       Stone Arrow       |       |     9 ||     9
  Use: Potion            |       |     1 ||     1
 Stab: Sleeping          |     3 |     2 ||     5
  Eat: Chunk             |     2 |     5 ||     7
Armor: Robe              |    19 |    13 ||    32
Dodge: Dodged            |    43 |    35 ||    78
